 Dungeon Crawl Stone Soup version 0.27.1-34-g3ba077fa99 (webtiles) character file.

Game seed: 8561539726280702875

931 xSliceyx the Magician (level 8, -12/50 HPs)
             Began as a Djinni Hedge Wizard on Feb 5, 2022.
             Mangled by Pikel (19 damage)
             ... on level 4 of the Dungeon.
             The game lasted 00:37:04 (8503 turns).

xSliceyx the Magician (Djinni Hedge Wizard)         Turns: 8503, Time: 00:37:07

Health: -12/50     AC:  2    Str:  9    XL:     8   Next: 33%
Gold:   306        EV: 12    Int: 18    God:
                   SH:  0    Dex: 13

rFire    + + .     SeeInvis .   j - +1 morningstar (protect)
rCold    x . .     Faith    .   (no shield)
rNeg     . . .     Spirit   .   b - +0 robe
rPois    ∞         Reflect  .   c - +0 hat
rElec    .         Harm     .   o - scarf {+Inv}
rCorr    .         Rampage  .   (no gloves)
Will     .....                  (boots unavailable)
Stlth    ++........             (no amulet)
HPRegen  0.16/turn              (no ring)
MPRegen  0.00/turn              (no ring)

@: flying
A: sickness immunity, fire resistance 2, cold vulnerability 1, float, innate
caster, hp casting, extra vitality 1
a: Evoke Invisibility


You were on level 4 of the Dungeon.
You visited 1 branch of the dungeon, and saw 5 of its levels.

You collected 306 gold pieces.

Inventory:

Hand Weapons
 d - a +0 trident
 j - a +1 morningstar of protection (weapon)
Armour
 b - a +0 robe (worn)
 c - a +0 hat (worn)
 o - a scarf of invisibility (worn)
Magical Staves
 i - a staff of fire
Jewellery
 m - a ring of fire
Wands
 l - a wand of acid (11)
Scrolls
 e - 2 scrolls of enchant armour
 p - a scroll of noise {unknown}
Potions
 a - 2 potions of brilliance {unknown}
 f - a potion of attraction {unknown}
 g - 2 potions of heal wounds {unknown}
 h - 2 potions of might {unknown}
 k - a potion of berserk rage {unknown}
 n - 2 potions of curing {unknown}


   Skills:
 - Level 2.1 Dodging
 - Level 1.5 Stealth
 + Level 7.4 Spellcasting


You had 2 spell levels left.
You knew the following spells:

 Your Spells              Type           Power      Damage    Failure   Level
a - Magic Dart            Conj           100%       1d8       1%          1
b - Blink                 Tloc           N/A        N/A       1%          2
c - Call Imp              Summ           33%        N/A       1%          2
d - Slow                  Hex            33%        N/A       1%          2
e - Conjure Flame         Conj/Fire      33%        6-21      1%          3
f - Mephitic Cloud        Conj/Pois/Air  33%        N/A       1%          3
g - Apportation           Tloc           66%        N/A       1%          1
h - Poisonous Vapours     Pois/Air       66%        N/A       1%          2
i - Stone Arrow           Conj/Erth      66%        3d11      1%          3
Your spell library was empty.

Dungeon Overview and Level Annotations

Branches:
Dungeon (5/15)
 Temple: D:4-7

Altars:
Elyvilon

Shops:
D:4 (

Annotations:
D:4 Pikel


Innate Abilities, Weirdness & Mutations

You are immune to sickness and miasma.
You are immune to poison.
Your flesh is very heat resistant. (rF++)
You are vulnerable to cold. (rC-)
You float through the air rather than walking.
You learn spells naturally, not from books.
Your magical power is your life essence.
You have superior vitality. (+4 HP)


Message History

Casting: Stone Arrow (safe; 1% risk of failure)
Confirm with . or Enter, or press ? or * to list all spells.
Okay, then.
Casting: Stone Arrow (safe; 1% risk of failure)
Confirm with . or Enter, or press ? or * to list all spells.
Aiming: Poisonous Vapours (safe; 1% risk of failure)
Press: ? - help, Dir - move target, f - Pikel
Aim: Pikel, wielding a +1 whip of electrocution and wearing a +0 robe (wandering, hasn't noticed you) Poisonous vapours surround Pikel!
Pikel is poisoned.
Pikel shouts!
Casting: Poisonous Vapours (safe; 1% risk of failure)
Confirm with . or Enter, or press ? or * to list all spells.
Aiming: Stone Arrow (safe; 1% risk of failure)
Press: ? - help, Shift-Dir - straight line, f/p - Pikel
Aim: Pikel, wielding a +1 whip of electrocution and wearing a +0 robe (very poisoned, 67% to hit)
The stone arrow misses Pikel.
Casting: Stone Arrow (safe; 1% risk of failure)
Confirm with . or Enter, or press ? or * to list all spells.
Aiming: Stone Arrow (safe; 1% risk of failure)
Press: ? - help, Shift-Dir - straight line, f/p - Pikel
Aim: Pikel, wielding a +1 whip of electrocution and wearing a +0 robe (lightly wounded, very poisoned, 67% to hit)
The stone arrow misses Pikel.
Casting: Stone Arrow (safe; 1% risk of failure)
Confirm with . or Enter, or press ? or * to list all spells.
Aiming: Stone Arrow (safe; 1% risk of failure)
Press: ? - help, Shift-Dir - straight line, f/p - Pikel
Aim: Pikel, wielding a +1 whip of electrocution and wearing a +0 robe (lightly wounded, very poisoned, 67% to hit)
The stone arrow hits Pikel!
Pikel is moderately wounded.
Pikel hits you with a +1 whip of electrocution.
You are electrocuted!!
* * * LOW HITPOINT WARNING * * *
Casting: Stone Arrow (safe; 1% risk of failure)
Confirm with . or Enter, or press ? or * to list all spells.
You blink.
* * * LOW HITPOINT WARNING * * *
Pikel hits you with a +1 whip of electrocution.
* * * LOW HITPOINT WARNING * * *
You are electrocuted!!
You die...

#...(.#.........................
#.....#.........................
##'####'#########.....##########
#...#..........#....5##...#....
#...#..........#.....##...#....
#...#..........#..∩..'....#....
######..........#K....#....#....
#...............#.....#....#....
#.....#####..§K@#'#######'##....
#.....# ######............####
#.....# #............# #.....#
#<...........# #.....#
#............# #.....#
#............# #.....#
#............# #######
##############


You could see Pikel (very poisoned).

Vanquished Creatures
  Grinder (D:3)
  A necrophage (D:5)
  3 lemures (D:4)
  A bullfrog (D:4)
  A scorpion (D:4)
  2 centaur zombies (D:5)
  An orc priest (D:5)
  A jelly (D:5)
  An orc wizard (D:5)
  A hound skeleton (D:4)
  3 gnolls (D:5)
  9 adders
  5 dart slugs
  14 orcs
  5 ball pythons
  4 bats
  8 endoplasms
  2 giant cockroaches
  5 goblins
  8 hobgoblins
  2 jackals (D:1)
  4 quokkas
  3 frilled lizards
  6 kobolds
  8 rats
99 creatures vanquished.

Vanquished Creatures (collateral kills)
  A black bear (D:5)
  A lemure (D:5)
  A scorpion (D:5)
  Jessica (D:3)
  A gnoll (D:5)
  2 adders
  An orc (D:4)
  A giant cockroach (D:1)
  2 jackals (D:1)
  A quokka (D:1)
12 creatures vanquished.

Grand Total: 111 creatures vanquished

Notes
Turn   | Place    | Note
-------+----------+-------------------------------------------
     0 | D:1      | xSliceyx the Djinni Hedge Wizard began the quest for the
                  | Orb.
     0 | D:1      | Reached XP level 1. HP: 15/15 MP: 0/0
   443 | D:1      | Reached XP level 2. HP: 19/21 MP: 0/0
   643 | D:1      | Reached skill level 3 in Spellcasting
   999 | D:1      | Reached XP level 3. HP: 21/25 MP: 0/0
   999 | D:1      | Learned a level 1 spell: Apportation
  1699 | D:1      | Found a faded altar of an unknown god.
  2390 | D:2      | Reached XP level 4. HP: 26/31 MP: 0/0
  2753 | D:2      | Reached skill level 4 in Spellcasting
  3404 | D:3      | Reached XP level 5. HP: 35/35 MP: 0/0
  3404 | D:3      | Learned a level 2 spell: Poisonous Vapours
  3662 | D:3      | Noticed Grinder
  4118 | D:3      | Noticed Jessica
  4123 | D:3      | Killed Jessica
  4629 | D:4      | Reached skill level 5 in Spellcasting
  4629 | D:4      | Reached XP level 6. HP: 9/40 MP: 0/0
  5451 | D:4      | Found Rehereu's Antique Weapon Boutique.
  5856 | D:5      | Entered Level 5 of the Dungeon
  6063 | D:5      | Noticed a black bear
  6068 | D:5      | Noticed Pikel
  6556 | D:3      | You are sucked into a shaft and drop 1 floor!
  6617 | D:5      | Found a white marble altar of Elyvilon.
  6781 | D:5      | Reached XP level 7. HP: 42/45 MP: 0/0
  6781 | D:5      | Learned a level 3 spell: Stone Arrow
  6887 | D:5      | Reached skill level 6 in Spellcasting
  7788 | D:5      | Reached XP level 8. HP: 32/50 MP: 0/0
  8176 | D:3      | Killed Grinder
  8177 | D:3      | Reached skill level 7 in Spellcasting
  8503 | D:4      | Mangled by Pikel

Illustrated notes

Levels and vault maps discovered:
D:1:      lemuel_arrival_river_ford, layout_basic,
          ebering_ecumenical_altar_mist, minmay_misc_feat_chi
D:2:      layout_basic, minmay_cupped
D:3:      layout_loops_ring, uniq_grinder, uniq_jessica
D:4:      layout_gridville, serial_shops, shop
D:5:      layout_loops_ring, elyvilon_altar_5, uniq_pikel

Skill      XL: |  1  2  3  4  5  6  7  8 |
---------------+-------------------------+-----
Spellcasting   | 3 4 5 6 7 |  7.4
Dodging        | |  2.1
Stealth        | |  1.5

Action                   |  1- 3 |  4- 6 |  7- 9 || total
-------------------------+-------+-------+-------++-------
Melee: Trident           |     6 |     1 |       ||     7
       Morningstar       |       |    10 |     1 ||    11
 Cast: Magic Dart        |    96 |   167 |    39 ||   302
       Call Imp          |     2 |    15 |     1 ||    18
       Blink             |       |     4 |     1 ||     5
       Slow              |       |     7 |       ||     7
       Mephitic Cloud    |       |     3 |     1 ||     4
       Poisonous Vapours |       |     3 |     1 ||     4
       Stone Arrow       |       |       |    26 ||    26
       Conjure Flame     |       |       |     4 ||     4
  Use: Scroll            |       |     4 |       ||     4
 Stab: Distracted        |       |     1 |       ||     1
Armor: Robe              |     2 |     6 |     2 ||    10
Dodge: Dodged            |     4 |    41 |     7 ||    52
